 Dungeon Crawl Stone Soup version 0.29.1-2-gbd0b4ee654 (webtiles) character file.

Game seed: 10882870933864620830

18 qeuew the Ruffian (level 2, -1/27 HPs)
             Began as a Troll Transmuter on Nov 5, 2022.
             Slain by Sigmund
             ... wielding a +0 scythe
              (8 damage)
             ... on level 2 of the Dungeon.
             The game lasted 00:02:09 (666 turns).

qeuew the Ruffian (Troll Transmuter)                 Turns: 666, Time: 00:02:10

Health: -1/27      AC:  4    Str: 17    XL:     2   Next: 51%
Magic:  2/3        EV:  9    Int:  9    God:
Gold:   89         SH:  0    Dex: 10    Spells: 0/3 levels left

rFire   . . .      SeeInvis .     - Unarmed
rCold   . . .      Faith    .   (no shield)
rNeg    . . .      Spirit   .   a - +0 robe
rPois   .          Reflect  .   (helmet currently unavailable)
rElec   .          Harm     .   (no cloak)
rCorr   +          Rampage  .   (gloves unavailable)
Will    .....                   (boots unavailable)
Stlth   +.........              (no amulet)
HPRegen 0.89/turn               d - ring of resist corrosion
MPRegen 0.08/turn               (no ring)

@: appendages (expiring)
A: horns 2, talons 2, large, unfitting armour, claws 3, regeneration 1, shaggy
fur 1, tough skin 1
a: End Transformation


You were on level 2 of the Dungeon.
You had temporarily grown beastly horns and talons.
You visited 1 branch of the dungeon, and saw 2 of its levels.

You collected 89 gold pieces.

Inventory:

Armour
 a - a +0 robe (worn)
Jewellery
 d - a ring of resist corrosion (left claw)


   Skills:
 * Level 1.1 Fighting
 + Level 1.7 Dodging
 + Level 3.4 Unarmed Combat
 + Level 1.3 Spellcasting
 + Level 1.5 Transmutations


You couldn't memorise any spells.
You knew the following spells:

 Your Spells              Type           Power      Damage    Failure   Level
a - Beastly Appendage     Tmut           6%         N/A       19%         1
b - Wereblood             Tmut           3%         N/A       28%         2

Your spell library contained the following spells:

 Spells                   Type           Power      Damage    Failure   Level
 Spider Form              Tmut/Pois      1%         N/A       61%         3
 Ice Form                 Ice/Tmut       1%         N/A       95%         4


Dungeon Overview and Level Annotations

Branches:
Dungeon (2/15)

Altars:

Annotations:
D:2 Sigmund


Innate Abilities, Weirdness & Mutations

You have temporarily grown beastly horns and talons.
You are too large for most types of armour.
You have claws for hands.
Your natural rate of healing is unusually fast.
You are covered in fur. (AC +1)
You have tough skin. (AC +1)


Message History

You claw the worm!
You kill the worm!
No target in view!
No target in view!
No target in view!
No target in view!
Your horns disappear.
Your talons disappear.
HP restored.
You now have 89 gold pieces (gained 10).
Found an escape hatch in the ceiling.
There is an escape hatch in the ceiling here.
Sigmund the Dreaded comes into view.
He is wielding a +0 scythe.
Sigmund shouts!
You hear a shout! x2
You grow a pair of large bovine horns.
Your feet morph into talons.
A goblin comes into view. It is wielding a +0 club.
Sigmund gestures wildly while chanting.
Sigmund flickers and vanishes!
Deactivating autopickup; reactivate with Ctrl-A.
You barely miss the goblin. Your claw misses the goblin.
The goblin hits you with a +0 club.
You closely miss the goblin. Your kick misses the goblin.
Your transformation is almost over.
Something hits you! The goblin closely misses you.
You scratch the goblin. You claw the goblin.
You kill the goblin!
A kobold comes into view. It is wielding a +0 dagger.
A goblin comes into view. It is wielding a +0 dagger.
Something hits you! The kobold barely misses you.
The goblin hits you with a +0 dagger.
A bat comes into view.
You see here a +0 club.
You claw something! The goblin closely misses you. Something hits you.
* * * LOW HITPOINT WARNING * * *
The kobold hits you with a +0 dagger.
* * * LOW HITPOINT WARNING * * *
You scratch something. Your kick misses something.
Your headbutt misses something. The kobold hits you but does no damage.
The goblin completely misses you.
You closely miss something. You headbutt something. Something hits you!
You die...

... #.. #.. #.. ####..
..... .# #####.K######
.# .....b.@....# .#
#####.g####.########.#
#.. #........#.# #..
########.#.# #..
#####.#.# #..
#....#..#
#..#######.###.###
...............#
#######.###.#


You could see a goblin, a bat and a kobold.

Vanquished Creatures
  A worm (D:2)
  2 bats
  An endoplasm (D:1)
  A giant cockroach (D:1)
  3 goblins
  3 hobgoblins (D:1)
  A ball python (D:1)
  A frilled lizard (D:1)
  A kobold (D:1)
14 creatures vanquished.

Notes
Turn   | Place    | Note
-------+----------+-------------------------------------------
     0 | D:1      | qeuew the Troll Transmuter began the quest for the Orb.
     0 | D:1      | Reached XP level 1. HP: 18/18 MP: 1/1
   290 | D:1      | Reached skill level 1 in Fighting
   348 | D:1      | Reached XP level 2. HP: 27/27 MP: 0/2
   351 | D:1      | Learned a level 2 spell: Wereblood
   657 | D:2      | Noticed Sigmund
   666 | D:2      | Slain by Sigmund

Illustrated notes

Levels and vault maps discovered:
D:1:      minmay_arrival_nine_rooms, layout_rooms, minmay_misc_feat_cross
D:2:      layout_loops_ring, hellmonk_ecumenical_altar_watching_god,
          uniq_sigmund

Skill      XL: |  1 |
---------------+----+-----
Fighting       | 1 |  1.1
Dodging        | |  1.7
Unarmed Combat | |  3.4
Spellcasting   | |  1.3
Transmutations | |  1.5

Action                   || total
-------------------------++-------
Melee: Unarmed           ||    42
       Kick              ||     4
       Headbutt          ||     2
       Punch             ||     1
 Cast: Beastly Appendage ||     9
  Use: Scroll            ||     3
Armor: Robe              ||    20
Dodge: Dodged            ||    12
